 Dungeon Crawl Stone Soup version 0.18-a0-128-g78ce890 (webtiles) character file.

370 Duffy the Digger (level 7, 0/69 HPs)
             Began as a Formicid Earth Elementalist on Nov 22, 2015.
             Slain by a worker ant (1 damage)
             ... on level 4 of the Dungeon.
             The game lasted 00:05:58 (5016 turns).

Duffy the Digger (Formicid Earth Elementalist)      Turns: 5016, Time: 00:05:58

Health: 0/69       AC: 23    Str: 12    XL:     7   Next: 2%
Magic:  1/12       EV:  2    Int: 17    God:
Gold:   166        SH:  0    Dex: 11    Spells: 2 memorised, 9 levels left

rFire  . . .     SeeInvis .     a - +0 whip (pain)
rCold  . . .     Clarity  .     (armour currently unavailable)
rNeg   + + +     SustAt   .     (no shield)
rPois  +         Gourm    .     (helmet unavailable)
rElec  .         Spirit   .     (cloak currently unavailable)
rCorr  .         Warding  .     (gloves currently unavailable)
rMut   .         Stasis   +     (boots currently unavailable)
MR     .....                    (no amulet)
Stlth  ++........               (no ring)
                                (no ring)

@: lethally poisoned (0 -> -6), tree-form, not resistant to hostile
enchantments, unstealthy
A: permanent stasis, dig shafts and tunnels, four strong arms, (antennae 0)
a: no special abilities


You were on level 4 of the Dungeon.
You were not hungry.
You were a tree.
You visited 1 branch of the dungeon, and saw 4 of its levels.

You collected 166 gold pieces.


Innate Abilities, Weirdness & Mutations

You are under a permanent stasis effect.
You can dig through walls and to a lower floor.
Your four strong arms can wield two-handed weapons with a shield.
((You have a pair of large antennae on your head (SInv).))


   Skills:
 - Level 1.7 Dodging
 - Level 2.4 Stealth
 - Level 3.5 Spellcasting
 + Level 3.3 Conjurations
   Level 1.1 Transmutations
 + Level 6.4 Earth Magic


You had 9 spell levels left.
You knew the following spells:

 Your Spells              Type           Power        Failure   Level  Hunger
a - Sandblast             Erth           ###...       1%          1    None
c - Stone Arrow           Conj/Erth      ###...       10%         3    ###....

Inventory:

Hand Weapons
 a - a +0 whip of pain (weapon)
Missiles
 b - 89 stones (quivered)
Armour
 l - a +0 robe (melded)
Scrolls
 e - a scroll of random uselessness {unknown}
 f - a scroll of teleportation {unknown}
 g - a scroll of recharging {unknown}
 o - 2 scrolls of remove curse {unknown}
Potions
 i - a potion of flight
 n - a potion of cure mutation
Books
 c - a book of Geomancy
Comestibles
 d - 3 meat rations
 m - 5 chunks of flesh

Dungeon Overview and Level Annotations

Branches:
Dungeon (4/15)
 Temple: D:4-7

Altars:
Yredelemnul


Message History

Cast which spell? (? or * to list)
Aiming: Sandblast
Press: ? - help, Shift-Dir - straight line, f/p - worker ant
Aim: a worker ant (heavily wounded)
The rocky blast hits the worker ant.
The worker ant is heavily wounded.
You feel sick. The worker ant barely misses you.
Cast which spell? (? or * to list)
You don't have enough magic to cast that spell.
You have a feeling of ineptitude.
a - a +0 whip of pain (weapon)
You feel sick.
Drink which item? (? for menu, Esc to quit)
You feel better. The worker ant bites you. The worker ant bites you.
You are poisoned.
The worker ant poisons you!
You barely miss the worker ant.
The worker ant is heavily wounded.
You feel sick. The worker ant bites you.
Drink which item? (? for menu, Esc to quit)
Okay, then.
Drink which item? (? for menu, Esc to quit)
It was a potion of lignification.
You turn into a tree.
Your +0 robe melds into your body.
Your roots penetrate the ground.
You feel sick.
The worker ant bites you but does no damage.
You closely miss the worker ant.
The worker ant is heavily wounded.
The worker ant bites you.
You are more poisoned.
The worker ant poisons you!
You hit the worker ant.
The worker ant is severely wounded.
You feel sick. The worker ant bites you.
You die...

###### #....#
#....# #..<.#
#....#########
#......[......
#.....♣a......
#.............
#.)...........
#.............
#########+##+#


You could see a worker ant.

Action                   |  1- 3 |  4- 6 |  7- 9 || total
-------------------------+-------+-------+-------++-------
Melee: Whip              |       |    82 |     3 ||    85
 Cast: Sandblast         |    82 |    94 |     8 ||   184
       Stone Arrow       |       |       |     2 ||     2
  Use: Scroll            |       |     4 |       ||     4
       Potion            |       |       |     2 ||     2
 Stab: Sleeping          |       |     2 |       ||     2
  Eat: Chunk             |     1 |     8 |       ||     9
       Bread ration      |     1 |       |       ||     1

Notes
Turn   | Place    | Note
--------------------------------------------------------------
     0 | D:1      | Duffy the Formicid Earth Elementalist began the quest for the Orb.
     0 | D:1      | Reached XP level 1. HP: 13/13 MP: 3/3
   108 | D:1      | Reached XP level 2. HP: 19/19 MP: 3/5
   109 | D:1      | Reached skill level 4 in Earth Magic
   712 | D:1      | Reached XP level 3. HP: 21/24 MP: 0/7
   912 | D:1      | Reached skill level 3 in Spellcasting
  1927 | D:2      | Found a faded altar to an unknown god.
  1984 | D:2      | Reached XP level 4. HP: 26/30 MP: 5/8
  2200 | D:2      | Learned a level 3 spell: Stone Arrow
  2820 | D:2      | Reached skill level 5 in Earth Magic
  3154 | D:3      | Found a basalt altar of Yredelemnul.
  3315 | D:3      | Reached XP level 5. HP: 25/35 MP: 0/10
  3994 | D:3      | Reached skill level 6 in Earth Magic
  4514 | D:3      | Reached skill level 1 in Conjurations
  4639 | D:3      | Reached XP level 6. HP: 41/41 MP: 5/11
  4929 | D:4      | Noticed Sigmund
  4937 | D:4      | Killed Sigmund
  4937 | D:4      | Reached skill level 3 in Conjurations
  4975 | D:4      | Reached XP level 7. HP: 42/46 MP: 9/12
  5016 | D:4      | Slain by a worker ant

Vault maps used:
D:1:      onia_arrival_handbag
D:2:      ecumenical_altar_2
D:3:      lemuel_crystal_altar, minmay_fountain_box, corexii_shack
D:4:      serial_shops, nicolae_shop_stone, uniq_sigmund, uniq_grinder,
          uniq_eustachio

Vanquished Creatures
  Sigmund
  2 orc wizards
  5 adders
  3 oozes
  2 worms
  11 orcs
  7 bats
  4 giant cockroaches
  6 goblins
  7 hobgoblins
  18 jackals
  2 quokkas
  3 giant newts
  5 kobolds
  10 rats
86 creatures vanquished.
